[Event "Team 45 45 League T53"]
[Site "Internet Chess Club"]
[Date "2012.06.05"]
[Round "3"]
[White "Check101"]
[Black "tamky70"]
[Result "1-0"]
[WhiteElo "1483"]
[BlackElo "1409"]
[Opening "Alekhine's defense: four pawns attack, 7.Be3"]
[ECO "B02"]
[Time "19:02:07"]
[TimeControl "2700+45"]

1. e4 Nf6 2. e5 Nd5 3. c4 Nb6 4. d4 d6 5. f4 dxe5 6. fxe5 Nc6 7. Be3 e6 8. Nf3
Be7 9. Be2 Nb8 10. Nc3 Bb4 11. O-O Bxc3 12. bxc3 Bd7 13. Bd3 Ba4 14. Qc1 a6 15.
Qa3 Qe7 16. c5 Bc6 17. Bg5 Qd7 18. cxb6 cxb6 19. Nd2 a5 20. Nc4 Na6 21. Nxb6 Qc7
22. Nxa8 Qd7 23. Nb6 Qc7 24. Nc4 b5 25. Nd6+ {Black resigns} 1-0

[Event "Team 45 45 League T53"]
[Site "Internet Chess Club"]
[Date "2012.06.02"]
[Round "3"]
[White "SlimeDog2"]
[Black "CaoCao"]
[Result "1-0"]
[WhiteElo "2148"]
[BlackElo "1861"]
[Opening "Benoni: fianchetto variation"]
[ECO "A63"]
[Time "14:09:38"]
[TimeControl "2700+45"]

1. d4 Nf6 2. c4 c5 3. d5 e6 4. Nc3 exd5 5. cxd5 d6 6. Nf3 g6 7. g3 Bg7 8. Bg2
O-O 9. O-O a6 10. a4 Qe7 11. h3 Nbd7 12. Nd2 Nh5 13. Nc4 Rb8 14. Ne4 b5 15. axb5
axb5 16. Ncxd6 f5 17. Nxc8 Rfxc8 18. Ng5 Qd6 19. Ne6 Nf8 20. Nxg7 Kxg7 21. Ra7+
Nd7 22. Qd2 Ra8 23. Rxa8 Rxa8 24. g4 fxg4 25. hxg4 Nhf6 26. g5 Rb8 27. gxf6+
{Black resigns} 1-0

[Event "Team 45 45 League T53"]
[Site "Internet Chess Club"]
[Date "2012.06.02"]
[Round "3"]
[White "hewdondada"]
[Black "katikus"]
[Result "1-0"]
[WhiteElo "1835"]
[BlackElo "1807"]
[Opening "QGD: exchange, positional line, 6.Qc2"]
[ECO "D36"]
[Time "19:02:59"]
[TimeControl "2700+45"]

1. d4 d5 2. c4 e6 3. Nc3 Nf6 4. cxd5 exd5 5. Bg5 c6 6. Qc2 Be7 7. Nf3 g6 8. e3
Bf5 9. Qb3 Qb6 10. Be2 O-O 11. O-O Re8 12. h3 Nbd7 13. Rfc1 Bd6 14. Bh6 Qxb3 15.
axb3 a6 16. Nh4 Be6 17. Bd3 Ne4 18. Nxe4 dxe4 19. Bc4 Nb6 20. g4 Bf8 21. Bf4 Bg7
22. Ng2 Nxc4 23. bxc4 Rad8 24. c5 f5 25. g5 Kf7 26. Ra4 Bf8 27. Be5 Rd7 28. Nf4
Be7 29. h4 Bf8 30. Bf6 Be7 31. Bxe7 Rexe7 32. Rb4 Bd5 33. Rb6 Rc7 34. Kh2 Red7
35. Kg3 Ke7 36. h5 Kf7 37. Rh1 Kg7 38. hxg6 hxg6 39. Rh6 Bf7 40. b4 Rd8 41. d5
Rh8 42. Rxh8 Kxh8 43. dxc6 bxc6 44. Rxa6 Kg7 45. Ne2 Bc4 46. Nf4 Bxa6 47. Ne6+
Kf7 48. Nxc7 Bd3 49. Kf4 Ke7 50. Ke5 Bc4 51. Na8 Bb5 52. Nb6 Bd3 53. Nc8+ Kf7
54. Nd6+ Ke7 55. Nc8+ Kf7 56. Kd6 Bb5 57. Na7 Ba4 58. Nxc6 Bxc6 59. Kxc6 Ke6 60.
b5 f4 61. b6 fxe3 62. fxe3 Kf5 63. b7 Kxg5 64. b8=Q Kg4 65. Qf4+ {Black resigns}
1-0

[Event "Team 45 45 League T53"]
[Site "Internet Chess Club"]
[Date "2012.06.02"]
[Round "3"]
[White "plutonas"]
[Black "RamRock"]
[Result "1/2-1/2"]
[WhiteElo "1596"]
[BlackElo "1727"]
[Opening "Caro-Kann: advance variation"]
[ECO "B12"]
[Time "12:02:42"]
[TimeControl "2700+45"]

1. e4 c6 2. d4 d5 3. e5 Bf5 4. Nf3 e6 5. Be2 c5 6. O-O Nc6 7. Be3 cxd4 8. Nxd4
Nxd4 9. Qxd4 Ne7 10. Bb5+ Nc6 11. c4 a6 12. Bxc6+ bxc6 13. c5 Rb8 14. Nd2 Qa5
15. Nb3 Qb4 16. Qd1 Qa4 17. Nd4 Qxd1 18. Rfxd1 Kd7 19. Nxf5 exf5 20. Bd4 Be7 21.
f4 Rb5 22. Rac1 Rg8 23. Kf2 g5 24. g3 g4 {Game drawn by mutual agreement}
1/2-1/2

[Event "Team 45 45 League T53"]
[Site "Internet Chess Club"]
[Date "2012.05.31"]
[Round "3"]
[White "ElMarginal"]
[Black "tryanything"]
[Result "0-1"]
[WhiteElo "1507"]
[BlackElo "1595"]
[Opening "Trompowsky attack (Ruth, Opocenský opening)"]
[ECO "A45"]
[Time "17:04:34"]
[TimeControl "2700+45"]

1. d4 Nf6 2. Bg5 e6 3. e4 Be7 4. Bxf6 Bxf6 5. e5 Bg5 6. Nf3 d6 7. h4 Be7 8. Nbd2
dxe5 9. dxe5 Bd7 10. Bd3 Nc6 11. Qe2 Bc5 12. Nb3 Qe7 13. Nxc5 Qxc5 14. O-O-O
O-O-O 15. Kb1 Nb4 16. Ng5 Nxd3 17. Rxd3 Bb5 18. Nxf7 Bxd3 19. cxd3 Rhf8 20. Nxd8
Rxf2 21. Nxe6 Qb6 22. Qxf2 Qxf2 23. Rc1 c6 24. Ng5 Qd4 25. Nf3 Qxd3+ 26. Ka1 Qe2
27. Rg1 Kd7 28. Kb1 c5 29. b3 h6 30. a3 b6 31. a4 a5 32. h5 Ke6 33. Kc1 Qa2 34.
Rd1 Qxg2 35. Rd6+ Ke7 36. Nd2 Qh1+ 37. Kb2 Qxh5 38. Rxb6 Qxe5+ 39. Kc2 Qc7 40.
Ra6 h5 41. Nc4 h4 42. Nxa5 h3 43. Ra7 Qxa7 44. Nc6+ Kd7 45. Nxa7 h2 {White
resigns} 0-1

[Event "Team 45 45 League T53"]
[Site "Internet Chess Club"]
[Date "2012.06.03"]
[Round "3"]
[White "whitetiger"]
[Black "McKnights"]
[Result "0-1"]
[WhiteElo "1828"]
[BlackElo "1796"]
[Opening "Two knights defense (Modern bishop's opening)"]
[ECO "C55"]
[Time "19:18:38"]
[TimeControl "2700+45"]

1. e4 e5 2. Nf3 Nc6 3. Bc4 Nf6 4. d3 Be7 5. Bb3 a6 6. c3 d5 7. exd5 Nxd5 8. O-O
O-O 9. Re1 Bf6 10. Bc2 Bg4 11. Nbd2 Nf4 12. Ne4 Ng6 13. h3 Bxf3 14. Qxf3 Be7 15.
Ng3 Bd6 16. Nf5 Nh4 17. Nxh4 Qxh4 18. Re4 Qe7 19. Qh5 f5 20. Re2 Kh8 21. Bg5 Qf7
22. Qxf7 Rxf7 23. Bb3 Rff8 24. Bd5 h6 25. Bxc6 bxc6 26. Bd2 Rad8 27. d4 e4 28.
f3 exf3 29. gxf3 c5 30. d5 c4 31. Kg2 Rf6 32. Re6 Rxe6 33. dxe6 Rb8 34. Rb1 Kg8
35. b4 cxb3 36. axb3 Kf8 37. b4 a5 38. b5 a4 39. c4 Ke7 40. Re1 a3 41. Bc3 a2
42. Bxg7 Rg8 {White resigns} 0-1

[Event "Team 45 45 League T53"]
[Site "Internet Chess Club"]
[Date "2012.06.03"]
[Round "3"]
[White "Inquisiteur"]
[Black "JimGrange"]
[Result "1-0"]
[WhiteElo "1730"]
[BlackElo "1796"]
[Opening "Sicilian: Nimzovich-Rossolimo attack (without ...d6)"]
[ECO "B30"]
[Time "09:04:47"]
[TimeControl "2700+45"]

1. e4 c5 2. Nf3 Nc6 3. Bb5 e6 4. c3 d5 5. exd5 exd5 6. d4 Bd6 7. Be3 c4 8. b3
cxb3 9. axb3 Ne7 10. O-O O-O 11. Re1 h6 12. h3 Bf5 13. Nbd2 a6 14. Bxc6 bxc6 15.
c4 Ng6 16. Nf1 Nh4 17. Ne5 Qc8 18. Qh5 f6 19. c5 Bb8 20. Nxc6 Nxg2 {Black
resigns} 1-0

[Event "Team 45 45 League T53"]
[Site "Internet Chess Club"]
[Date "2012.06.02"]
[Round "3"]
[White "CzwartyWymiar"]
[Black "j65536d"]
[Result "0-1"]
[WhiteElo "1667"]
[BlackElo "1808"]
[Opening "King's Indian: London system"]
[ECO "A48"]
[Time "16:01:55"]
[TimeControl "2700+45"]

1. d4 Nf6 2. Nf3 g6 3. Bf4 Bg7 4. e3 c5 5. c3 Qb6 6. Qc2 O-O 7. Bd3 d5 8. dxc5
Qxc5 9. O-O Nc6 10. Nbd2 Re8 11. Nb3 Qb6 12. Rfe1 e5 13. Nxe5 Nxe5 14. Be2 Bf5
15. Qd2 Nc4 16. Qc1 Rac8 17. Rd1 a5 18. Nd4 Be6 19. Nxe6 fxe6 20. b3 Nd6 21. Qa3
Nde4 22. c4 Nc3 23. Rd2 Nxe2+ 24. Rxe2 dxc4 25. bxc4 Rxc4 26. Rd1 Nd5 27. Rde1
Rec8 28. Bg3 Qb4 29. Qd3 Rc1 30. f3 Rxe1+ 31. Bxe1 Rc1 32. Kf2 Qh4+ 33. Kf1 Qxh2
{White resigns} 0-1

[Event "Team 45 45 League T53"]
[Site "Internet Chess Club"]
[Date "2012.06.05"]
[Round "3"]
[White "BraafPaard"]
[Black "parrot9"]
[Result "0-1"]
[WhiteElo "1517"]
[BlackElo "1626"]
[Opening "Grob: Fritz gambit"]
[ECO "A00"]
[Time "09:00:35"]
[TimeControl "2700+45"]

1. g4 d5 2. Bg2 Bxg4 3. c4 e6 4. Nc3 Nf6 5. Qb3 Nc6 6. Qxb7 Nd4 7. Kd1 Bc5 8.
cxd5 Rb8 9. Qa6 Nxd5 10. Nxd5 exd5 11. f3 Bf5 12. d3 Qh4 13. Be3 O-O 14. a3 Rxb2
15. Rc1 Qe7 16. Bxd4 Bxd4 17. Rc2 Rb1+ 18. Rc1 Rfb8 19. Qc6 Be3 20. Rxb1 Rxb1+
21. Kc2 Rc1+ {White resigns} 0-1

[Event "Team 45 45 League T53"]
[Site "Internet Chess Club"]
[Date "2012.06.04"]
[Round "3"]
[White "BigH"]
[Black "irock"]
[Result "1-0"]
[WhiteElo "2163"]
[BlackElo "1890"]
[Opening "Bogo-Indian defense, Nimzovich variation"]
[ECO "E11"]
[Time "13:09:58"]
[TimeControl "2700+45"]

1. d4 Nf6 2. c4 e6 3. Nf3 Bb4+ 4. Bd2 Qe7 5. e3 Bxd2+ 6. Qxd2 O-O 7. Bd3 d6 8.
Bc2 e5 9. d5 c5 10. Nc3 Bd7 11. O-O Na6 12. Rae1 Rab8 13. Ng5 Nc7 14. f4 b5 15.
fxe5 Qxe5 16. Rxf6 Qxg5 17. Ne4 Qe5 18. Ref1 Ne8 19. R6f4 bxc4 20. b3 cxb3 21.
axb3 Bb5 22. Rf5 Qe7 23. R1f3 Bd7 24. R5f4 Qe5 25. Rh4 Bf5 26. Rxf5 Qxf5 27. Ng3
Qf6 28. Bxh7+ Kh8 29. Rh3 Qa1+ 30. Bb1+ Kg8 31. Qd3 g6 32. Nf5 Qb2 33. Ne7+ Kg7
34. Rg3 Qf6 35. Nxg6 Rh8 36. Nxh8+ Kf8 37. Ng6+ Kg7 38. Ne7+ Kf8 39. Qe4 Rxb3
40. Rg8# {Black checkmated} 1-0

[Event "Team 45 45 League T53"]
[Site "Internet Chess Club"]
[Date "2012.06.03"]
[Round "3"]
[White "imgr8"]
[Black "Greedy-Reedy"]
[Result "1-0"]
[WhiteElo "2089"]
[BlackElo "2009"]
[Opening "Pirc: Austrian attack, 6.Bd3"]
[ECO "B09"]
[Time "08:24:24"]
[TimeControl "2700+45"]

1. e4 d6 2. d4 Nf6 3. Nc3 g6 4. f4 Bg7 5. Nf3 O-O 6. Bd3 Na6 7. O-O c5 8. d5 Rb8
9. Qe2 Nc7 10. a4 a6 11. a5 Bg4 12. h3 Bxf3 13. Qxf3 e6 14. Bd2 exd5 15. exd5
Nd7 16. Nd1 Nb5 17. c3 b6 18. Ne3 Nc7 19. axb6 Rxb6 20. Nc4 Rb8 21. Nxd6 Nf6 22.
Nc4 Qxd5 23. Qxd5 Nfxd5 24. Ra5 Rb5 25. Rfa1 Rd8 26. Be2 Nb6 27. Be3 Nxc4 28.
Bxc4 Rxb2 29. Rxc5 Nb5 30. Rxa6 Nxc3 31. Rc7 Kh8 32. Rxf7 Rb1+ 33. Kh2 Rb4 34.
Rc6 Nb5 35. Rb7 Rxc4 36. Rxc4 Nd6 37. Rcc7 Nxb7 38. Rxb7 Re8 39. Bc5 Rc8 40. Bd6
Re8 41. Kg3 h6 42. Kf3 Bd4 43. Be7 Bg7 44. Kg4 Rc8 45. Kf3 Re8 46. g4 Rc8 47.
Bb4 Rd8 48. Ke3 Re8+ 49. Kf3 Rd8 50. f5 gxf5 51. gxf5 Rd3+ 52. Kg4 Rd4+ 53. Kh5
Rd3 54. h4 Rg3 55. Be7 Rf3 56. Kg6 Rg3+ 57. Bg5 Bf8 58. Rb8 Kg8 59. f6 hxg5 60.
f7+ Kh8 61. Rxf8# {Black checkmated} 1-0

[Event "Team 45 45 League T53"]
[Site "Internet Chess Club"]
[Date "2012.06.02"]
[Round "3"]
[White "achessman"]
[Black "imawesome"]
[Result "0-1"]
[WhiteElo "1946"]
[BlackElo "1794"]
[Opening "Sicilian defense"]
[ECO "B20"]
[Time "07:12:02"]
[TimeControl "2700+45"]

1. e4 c5 2. b3 d6 3. Bb2 Nc6 4. Nc3 Nf6 5. Bb5 Bd7 6. Bxc6 Bxc6 7. Qe2 e6 8. f4
a6 9. Nf3 b5 10. d3 b4 11. Nd1 d5 12. e5 Nd7 13. O-O Be7 14. a4 a5 15. d4 O-O
16. g4 Bb7 17. Re1 cxd4 18. Bxd4 Nc5 19. f5 Qc7 20. Nf2 Ne4 21. Rac1 Nc3 22. Qe3
exf5 23. gxf5 Rae8 24. Nd3 Qc6 25. Nf4 Qc8 26. Bxc3 bxc3 27. Nd4 Bc5 28. Nfe2
Qc7 29. Nxc3 Rxe5 30. Qd3 Rxf5 31. Nb5 Qf4 32. Kh1 Rh5 33. Qe2 Qh4 34. c3 Bc8
35. Nf3 Qf4 36. Rf1 Bh3 37. Rfe1 Bg4 38. Rf1 Bxf3+ {White resigns} 0-1

[Event "Team 45 45 League T53"]
[Site "Internet Chess Club"]
[Date "2012.06.01"]
[Round "3"]
[White "ryan2chess"]
[Black "zap2"]
[Result "1/2-1/2"]
[WhiteElo "1819"]
[BlackElo "1817"]
[Opening "Caro-Kann: Steinitz variation"]
[ECO "B17"]
[Time "14:31:09"]
[TimeControl "2700+45"]

1. e4 c6 2. d4 d5 3. Nc3 dxe4 4. Nxe4 Nd7 5. Nf3 Ngf6 6. Nxf6+ Nxf6 7. Bd3 Bg4
8. c3 e6 9. Bg5 Bd6 10. O-O Qc7 11. h3 Bh5 12. Re1 O-O-O 13. Be2 h6 14. Bxf6
gxf6 15. Nd2 Bxe2 16. Qxe2 f5 17. Nc4 Bf4 18. Ne5 Bxe5 19. Qxe5 Rhg8 20. Qxc7+
Kxc7 21. f3 Rg3 22. Kf2 Rdg8 23. Rg1 h5 24. h4 f6 25. Rae1 Kd6 26. c4 e5 27. Rd1
e4 28. Rde1 exf3 {Game drawn by mutual agreement} 1/2-1/2

[Event "Team 45 45 League T53"]
[Site "Internet Chess Club"]
[Date "2012.06.02"]
[Round "3"]
[White "chess92192"]
[Black "Yosemite-Sam"]
[Result "1-0"]
[WhiteElo "2028"]
[BlackElo "1915"]
[Opening "English: symmetrical, Benoni formation"]
[ECO "A31"]
[Time "20:03:26"]
[TimeControl "2700+45"]

1. d4 Nf6 2. c4 c5 3. Nf3 d6 4. dxc5 Qa5+ 5. Nc3 Qxc5 6. b3 g6 7. Bb2 Bg7 8. Nd5
Ne4 9. Bd4 Bxd4 10. Qxd4 Qxd4 11. Nxd4 Na6 12. g3 e6 13. Ne3 Bd7 14. Bg2 Nec5
15. O-O Ke7 16. Rfd1 Rab8 17. Rd2 b5 18. Nxb5 Bxb5 19. cxb5 Rxb5 20. Nc2 d5 21.
Nd4 Rb6 22. Rc1 Rc8 23. e3 Rc7 24. Bf1 Rcb7 25. Rdc2 e5 26. Nf3 f6 27. Rxc5 Nxc5
28. Rxc5 Rd6 29. Be2 Kd8 30. Kf1 Rc7 31. Rxc7 Kxc7 32. Ke1 Kb6 33. Kd2 Rc6 34.
Ne1 Rc7 35. Nc2 a5 36. a3 f5 37. f4 exf4 38. gxf4 Kc5 39. Bf3 Kd6 40. Nd4 Rb7
41. Bd1 Kc5 42. Kd3 Re7 43. Ne2 h6 44. h4 Rb7 45. Nd4 Re7 46. h5 g5 47. Nxf5 Re6
48. fxg5 hxg5 49. h6 Rf6 50. h7 Rf8 51. Bh5 g4 52. Bf7 Kb6 53. Bg8 Rxf5 54. h8=Q
g3 55. Qh6+ Kc5 56. Qg6 Rf1 57. Qxg3 Rd1+ 58. Kc2 Ra1 59. Qc7+ Kb5 60. a4+ Kb4
61. Qd6# {Black checkmated} 1-0

[Event "Team 45 45 League T53"]
[Site "Internet Chess Club"]
[Date "2012.06.04"]
[Round "3"]
[White "McKnights"]
[Black "kidviper"]
[Result "0-1"]
[WhiteElo "1786"]
[BlackElo "1955"]
[Opening "Sicilian: Hungarian variation"]
[ECO "B34"]
[Time "17:23:02"]
[TimeControl "2700+45"]

1. e4 c5 2. Nf3 g6 3. Nc3 Bg7 4. d4 cxd4 5. Nxd4 Nc6 6. Be3 Nf6 7. Bb5 O-O 8.
O-O Ng4 9. Nd5 Nxe3 10. fxe3 Nxd4 11. exd4 e6 12. Nf4 Qb6 13. Bd3 Qxd4+ 14. Kh1
Qxb2 15. Qe2 Qxa1 16. Rxa1 Bxa1 17. e5 d6 18. exd6 e5 19. Nd5 Rd8 20. Qe1 Bd4
21. Nf6+ Kg7 22. Qh4 Be6 23. Ne4 Bd5 24. Qf6+ Kg8 25. Ng5 Rd7 26. c4 Bc6 27. Be4
Rad8 28. Bxc6 bxc6 29. Ne4 Rb8 30. h4 Rb1+ 31. Kh2 Re1 32. h5 Bg1+ 33. Kh3 Re3+
34. g3 Re2 35. Qe7 Rh2+ 36. Kg4 Rxe7 37. Nf6+ Kf8 38. d7 Rxd7 39. Nxd7+ Ke7 40.
Nxe5 Rxh5 41. Nxc6+ Kd6 42. Nd8 Rf5 43. c5+ Bxc5 44. Nb7+ Kc7 45. Na5 h5+ 46.
Kh4 Be7+ 47. Kh3 Rxa5 {White resigns} 0-1

[Event "Team 45 45 League T53"]
[Site "Internet Chess Club"]
[Date "2012.06.03"]
[Round "3"]
[White "CHESS-CHAMPION"]
[Black "Skwerly"]
[Result "1/2-1/2"]
[WhiteElo "1895"]
[BlackElo "1903"]
[Opening "Alekhine's defense: Scandinavian variation"]
[ECO "B02"]
[Time "19:17:37"]
[TimeControl "2700+45"]

1. e4 Nf6 2. Nc3 d5 3. exd5 Nxd5 4. Nge2 e5 5. g3 Be7 6. Bg2 c6 7. O-O Bf5 8. d4
Nxc3 9. bxc3 Nd7 10. f4 exf4 11. Rb1 Nb6 12. Nxf4 O-O 13. Nd3 Be6 14. a3 Rb8 15.
Bf4 Bd6 {Game drawn by mutual agreement} 1/2-1/2

[Event "Team 45 45 League T53"]
[Site "Internet Chess Club"]
[Date "2012.06.04"]
[Round "3"]
[White "zap2"]
[Black "Grenadier"]
[Result "1-0"]
[WhiteElo "1839"]
[BlackElo "1773"]
[Opening "Réti: King's Indian attack (Barcza system)"]
[ECO "A07"]
[Time "08:03:31"]
[TimeControl "2700+45"]

1. Nf3 d5 2. g3 Bg4 3. Bg2 c6 4. h3 Bh5 5. O-O e6 6. d3 Nf6 7. Nbd2 Bd6 8. Qe1
Qb6 9. e4 dxe4 10. dxe4 Bxg3 11. e5 Nfd7 12. Nc4 Qc5 13. Nd6+ Ke7 14. Be3 Qxc2
15. fxg3 Bxf3 16. Bxf3 Nxe5 17. Nxb7 Nxf3+ 18. Rxf3 Nd7 19. Qb4+ Ke8 20. Nd6+
Kd8 21. Nxf7+ Kc8 22. Nxh8 Rb8 23. Qc3 Rxb2 24. Qxc2 Rxc2 25. Rc1 Rxa2 26. Rxc6+
Kb7 27. Rxe6 a5 28. Rf7 {Black resigns} 1-0

[Event "Team 45 45 League T53"]
[Site "Internet Chess Club"]
[Date "2012.06.03"]
[Round "3"]
[White "zepled37"]
[Black "Signalman"]
[Result "0-1"]
[WhiteElo "1589"]
[BlackElo "1536"]
[Opening "Philidor: Improved Hanham variation"]
[ECO "B07"]
[Time "09:45:52"]
[TimeControl "2700+45"]

1. e4 d6 2. d4 Nf6 3. Nc3 Nbd7 4. Nf3 e5 5. Bc4 Be7 6. O-O O-O 7. h3 c6 8. a4
Nxe4 9. Nxe4 d5 10. Bb3 dxe4 11. Nxe5 Nxe5 12. dxe5 Bf5 13. Qe2 Qd4 14. e6 Bxe6
15. Bxe6 fxe6 16. c3 Qe5 17. Be3 Bd6 18. g3 c5 19. Bf4 Rxf4 20. gxf4 Qxf4 21. f3
e3 22. c4 Rf8 23. Ra3 Rf6 24. Rxe3 Rg6+ 25. Kh1 Rg3 26. Rf2 Rxh3+ 27. Kg1 Qh6
28. Rg2 Rh1+ 29. Kf2 Qh4+ 30. Rg3 Qxg3# {White checkmated} 0-1

[Event "Team 45 45 League T53"]
[Site "Internet Chess Club"]
[Date "2012.06.03"]
[Round "3"]
[White "werty"]
[Black "GoIrish"]
[Result "0-1"]
[WhiteElo "1501"]
[BlackElo "1612"]
[Opening "King's Indian: Zinnowitz variation"]
[ECO "E90"]
[Time "14:33:25"]
[TimeControl "2700+45"]

1. d4 Nf6 2. c4 g6 3. Nc3 Bg7 4. e4 d6 5. Nf3 O-O 6. Bg5 Nbd7 7. Qd2 e5 8. d5
Nc5 9. Be2 Qd7 10. Bxf6 Bxf6 11. h4 Qg4 12. Ng5 Qxg2 13. Bf3 Bxg5 14. Qe2 Bg4
15. Bxg2 Bxe2 16. Kxe2 Bf4 17. h5 Kg7 18. hxg6 fxg6 19. Bh3 Rf7 20. b4 Na6 21.
Rhb1 Raf8 22. Bg2 Bg3 23. f3 g5 24. Na4 g4 25. Rf1 Nxb4 26. c5 Nc2 27. cxd6 cxd6
28. fxg4 Nxa1 {White resigns} 0-1

[Event "Team 45 45 League T53"]
[Site "Internet Chess Club"]
[Date "2012.05.31"]
[Round "3"]
[White "BrerRabbit"]
[Black "Sandia"]
[Result "1-0"]
[WhiteElo "1491"]
[BlackElo "1309"]
[Opening "English opening"]
[ECO "A20"]
[Time "10:46:14"]
[TimeControl "2700+45"]

1. c4 e5 2. g3 Nf6 3. Bg2 Bc5 4. e3 d6 5. Nc3 c6 6. Nge2 Be6 7. b3 d5 8. cxd5
Nxd5 9. O-O Na6 10. Bb2 f6 11. d4 exd4 12. Nxd4 Qe7 13. Nxe6 Nxc3 14. Nxg7+ Qxg7
15. Bxc3 Bb4 16. Bxb4 Nxb4 17. Qe2 O-O-O 18. Rfd1 Rxd1+ 19. Rxd1 Rd8 20. Bh3+
Kc7 21. Rxd8 Kxd8 22. Qd2+ Nd5 23. e4 Qg5 24. Qxg5 fxg5 25. exd5 cxd5 26. Bg2 d4
27. Bxb7 Kc7 28. Be4 h6 29. Kf1 Kd6 30. Ke2 Ke5 31. Bd3 Kd5 32. Kf3 Kc5 33. a3
Kd5 34. Kg4 {Black resigns} 1-0

[Event "Team 45 45 League T53"]
[Site "Internet Chess Club"]
[Date "2012.06.04"]
[Round "3"]
[White "az2112"]
[Black "McKnights"]
[Result "1-0"]
[WhiteElo "1678"]
[BlackElo "1764"]
[Opening "QGD: Marshall defense"]
[ECO "D06"]
[Time "21:31:05"]
[TimeControl "2700+45"]

1. d4 d5 2. c4 Nf6 3. cxd5 Nxd5 4. e4 Nb6 5. Nf3 Bg4 6. Be2 e6 7. O-O Be7 8. Be3
O-O 9. Nbd2 h6 10. Rc1 c6 11. Nb3 N8d7 12. Qd2 Nf6 13. Bd3 Bxf3 14. gxf3 Nh7 15.
Kh1 Bg5 16. f4 Be7 17. Rg1 f5 18. f3 Nf6 19. Qg2 Rf7 20. exf5 Qc8 21. fxe6 Qxe6
22. Bg6 Raf8 23. Bxf7+ Rxf7 24. Rce1 Nfd5 25. Nc5 Bxc5 26. dxc5 Nxe3 27. cxb6
axb6 28. f5 Qe5 29. Qd2 Re7 30. f6 Qxf6 31. Rxe3 Rf7 32. Qe2 Kh7 33. Re6 Qxf3+
34. Qxf3 Rxf3 35. Re7 Rf2 36. Rexg7+ {Black resigns} 1-0

[Event "Team 45 45 League T53"]
[Site "Internet Chess Club"]
[Date "2012.06.05"]
[Round "3"]
[White "subterfuge"]
[Black "powerchess1"]
[Result "0-1"]
[WhiteElo "1689"]
[BlackElo "1705"]
[Opening "French: exchange variation"]
[ECO "C01"]
[Time "18:30:09"]
[TimeControl "2700+45"]

1. d4 e6 2. e4 d5 3. exd5 exd5 4. c4 Nf6 5. Nf3 Bb4+ 6. Nc3 O-O 7. Qd3 Ne4 8.
Be2 Bf5 9. g4 Bg6 10. Qe3 Re8 11. Ne5 f6 12. f4 fxe5 13. fxe5 Qh4+ 14. Kf1 Rf8+
15. Kg1 Ng5 16. Nxd5 Nh3+ 17. Qxh3 Qf2# {White checkmated} 0-1

[Event "Team 45 45 League T53"]
[Site "Internet Chess Club"]
[Date "2012.06.01"]
[Round "3"]
[White "spongenotbob"]
[Black "oldprez"]
[Result "1-0"]
[WhiteElo "1752"]
[BlackElo "1468"]
[Opening "King's Indian: 6.Be2"]
[ECO "E91"]
[Time "20:00:45"]
[TimeControl "2700+45"]

1. d4 Nf6 2. c4 g6 3. Nc3 Bg7 4. e4 d6 5. Nf3 O-O 6. Be2 Nbd7 7. O-O c5 8. d5 a6
9. h3 b6 10. Be3 Re8 11. Qc2 Qc7 12. Rfd1 Nf8 13. Bf4 e6 14. dxe6 Rxe6 15. Ng5
Re8 16. Bxd6 Qc6 17. e5 N6d7 18. Bf3 {Black resigns} 1-0

[Event "Team 45 45 League T53"]
[Site "Internet Chess Club"]
[Date "2012.06.01"]
[Round "3"]
[White "radiohead"]
[Black "sdcohle"]
[Result "0-1"]
[WhiteElo "1389"]
[BlackElo "1431"]
[Opening "French: advance, Paulsen attack"]
[ECO "C02"]
[Time "21:25:37"]
[TimeControl "2700+45"]

1. e4 e6 2. d4 d5 3. e5 c5 4. c3 Nc6 5. Nf3 Qb6 6. a3 c4 7. Be2 Be7 8. Nbd2 f6
9. exf6 Nxf6 10. Qc2 Bd7 11. O-O O-O-O 12. b4 cxb3 13. Nxb3 Be8 14. Rb1 Bg6 15.
Bd3 Bxd3 16. Qxd3 Qc7 17. Re1 Bd6 18. Rxe6 Ne4 19. Nc5 Bxc5 20. Rxe4 dxe4 21.
Qxe4 Bd6 22. g3 Rde8 23. Qf5+ Qd7 24. Qd3 g6 25. a4 Rhf8 26. Bd2 Qf5 27. Qxf5+
Rxf5 28. Nh4 Rf7 29. d5 Na5 30. Ng2 Nc4 31. Bg5 Bc5 32. Nf4 Re5 33. h4 Nd2 34.
Rd1 Nf3+ 35. Kf1 Nxg5 36. hxg5 Bd6 37. Ne6 Kd7 38. c4 Ref5 39. f4 b6 40. Ra1
Bxf4 41. gxf4 Rxf4+ 42. Nxf4 Rxf4+ 43. Ke2 Rxc4 44. a5 b5 45. Rf1 Kd6 46. Rf7
Rc7 47. Rxc7 Kxc7 48. Kd3 a6 49. Kd4 Kd6 50. Ke4 b4 51. Kd4 b3 52. Kc3 Kxd5 53.
Kxb3 Ke5 54. Kc4 Kf5 55. Kc5 Kxg5 56. Kb6 h5 57. Kxa6 h4 58. Kb6 h3 59. a6 h2
{White resigns} 0-1

[Event "Team 45 45 League T53"]
[Site "Internet Chess Club"]
[Date "2012.06.02"]
[Round "3"]
[White "parpin"]
[Black "room-matt"]
[Result "1-0"]
[WhiteElo "1946"]
[BlackElo "1739"]
[Opening "Giuoco Piano"]
[ECO "C54"]
[Time "11:04:35"]
[TimeControl "2700+45"]

1. e4 e5 2. Nf3 Nc6 3. Bc4 Bc5 4. c3 Nf6 5. d4 exd4 6. e5 Qe7 7. O-O Nxe5 8. Re1
Nfg4 9. Nxe5 Nxe5 10. cxd4 Bxd4 11. Na3 Qh4 12. g3 Bxf2+ 13. Kg2 Qf6 14. Rxe5+
Qxe5 15. Kxf2 a6 16. Qd5 Qf6+ 17. Qf3 Qxf3+ 18. Kxf3 b5 19. Bd3 O-O 20. Bd2 Re8
21. Rc1 c6 22. Kf2 Re6 23. Bf5 Rf6 24. g4 d6 25. Bg5 Bxf5 26. Bxf6 Bxg4 27. Be7
Re8 28. Bxd6 Re2+ 29. Kg3 Bd7 30. Nc2 Be6 31. Nd4 Rxb2 32. Nxe6 fxe6 33. a3 a5
34. Rxc6 b4 35. axb4 axb4 36. Rb6 b3 37. Be5 Rb1 38. Rb7 g6 39. Rg7+ Kf8 40.
Rxh7 Rg1+ 41. Kf3 Rf1+ 42. Ke2 Rg1 43. Rb7 Rb1 44. Kd3 g5 45. Bg3 g4 46. Kd4 Rc1
47. Rxb3 Ke7 48. Ke5 Rc5+ 49. Kf4 Rc4+ 50. Kg5 Kd7 51. Rb7+ Ke8 52. Kf6 Re4 53.
Re7+ Kd8 54. Rxe6 Rxe6+ 55. Kxe6 {Black resigns} 1-0

[Event "Team 45 45 League T53"]
[Site "Internet Chess Club"]
[Date "2012.06.04"]
[Round "3"]
[White "zap2"]
[Black "Goli"]
[Result "1-0"]
[WhiteElo "1858"]
[BlackElo "1890"]
[Opening "Réti: King's Indian attack"]
[ECO "A05"]
[Time "17:07:55"]
[TimeControl "2700+45"]

1. Nf3 Nf6 2. g3 g6 3. Bg2 Bg7 4. O-O O-O 5. d3 d6 6. Nbd2 e5 7. e4 c5 8. c3 Nc6
9. Re1 h6 10. Nf1 Bg4 11. h3 Bxf3 12. Qxf3 b5 13. Ne3 Rc8 14. Qe2 a5 15. Nd5 b4
16. Bd2 Kh7 17. h4 bxc3 18. bxc3 Rb8 19. Rab1 Nxd5 20. exd5 Ne7 21. Qd1 Qd7 22.
Qc2 f5 23. a4 Rxb1 24. Rxb1 f4 25. Be4 fxg3 26. fxg3 Nf5 27. Kh2 h5 28. Bg5 Nh6
29. Bxh6 Bxh6 30. Rb5 Be3 31. Bg2 Rf2 32. Qb1 Qg4 33. Rb8 Bh6 34. Qe1 Qe2 35.
Qxe2 Rxe2 36. Kh3 Ra2 37. Rd8 Rxa4 38. Rxd6 Ra3 39. Be4 Bf8 40. Rxg6 Rxc3 41.
Ra6+ Kg7 42. Rxa5 c4 43. Ra7+ Kf6 44. Rc7 Rxd3 45. Rc6+ Ke7 46. Rxc4 Re3 47. Kg2
Ra3 48. Bf5 Bh6 49. Rc7+ Kd8 50. Rh7 Ra2+ 51. Kf3 Ra3+ 52. Kg2 Ra2+ 53. Kh3 Bc1
54. Rxh5 Rd2 55. Be6 e4 56. Re5 Rd4 57. Kg2 Kc7 58. Kf1 Kd6 59. Rf5 e3 60. Ke2
Rd2+ 61. Kxe3 Rxd5+ 62. Ke4 Rxf5 63. Kxf5 Ke7 64. g4 Bb2 65. g5 Kf8 66. Kg6 Bc1
67. Kh7 Be3 68. g6 Bd4 69. h5 Bg7 70. h6 {Black resigns} 1-0